Map: Disco Bloodbath LE

Players

BoO

  • Race: Zerg Zerg
  • Spawn Location: 9:00

FoxeR - Winner!

  • Race: Terran Terran
  • Spawn Location: 3:00

VOD

Have the link to the VOD?

Description

Time

  • Played on: Sept. 6, 2019, 1:04 p.m.
  • Length: 9:57
Show
View Real Time Build Order
Export as new Build Order

BoO Zerg 

Build Orders: Hatch First, Muta Ling Bane 

Get SALT Encoding   

  12  0:01  Drone  
  13  0:16  Overlord  
  13  0:17  Drone  
  15  0:35  Drone x2  
  15  0:42  Drone  
  17  0:53  Hatchery  
  16  1:00  Drone x2  
  18  1:04  Extractor  
  17  1:16  Spawning Pool  
  16  1:18  Drone  
  16  1:22  Drone  
  18  1:33  Drone  
  19  1:48  Overlord  
  19  2:03  Queen  
  19  2:04  Queen  
  19  2:05  Zergling x4  
  25  2:13  Drone  
  26  2:15  Metabolic Boost  
  26  2:20  Drone x2  
  28  2:27  Drone x2  
  29  2:45  Lair  
  29  2:50  Drone x4  
  33  2:58  Drone  
  34  3:00  Queen  
  34  3:03  Overlord  
  36  3:14  Overlord  
  36  3:17  Extractor  
  35  3:20  Drone  
  35  3:23  Drone x4  
  40  3:32  Drone x2  
  42  3:50  Drone x2  
  42  3:52  Extractor  
  42  3:53  Extractor  
  42  3:57  Overlord, Spire  
  42  4:02  Drone x3  
  44  4:10  Overlord x2  
  44  4:15  Hatchery  
  43  4:20  Overlord x2  
  43  4:25  Drone x3  
  43  4:27  Drone  
  43  4:29  Drone  
  48  4:35  Drone  
  48  4:36  Drone  
  50  4:39  Drone x2  
  50  4:43  Overlord  
  52  5:09  Mutalisk x6  
  52  5:12  Zergling x2  
  52  5:13  Zergling x6  
  69  5:21  Zergling x4  
  70  5:28  Zergling x2  
  68  5:36  Zergling x4  
  68  5:37  Zergling x2  
  68  5:46  Zergling x8  
  68  5:47  Zergling x4  
  64  6:02  Drone x2  
  64  6:09  Hatchery  
  64  6:10  Mutalisk x2, Zerg Flyer Weapons Level 1  
  67  6:21  Drone  
  67  6:23  Overlord  
  67  6:24  Evolution Chamber x2  
  65  6:33  Mutalisk  
  67  6:40  Baneling Nest  
  66  6:52  Zergling x2  
  64  6:57  Mutalisk  
  64  6:58  Mutalisk x4  
  64  7:01  Zergling x6  
  73  7:08  Zergling x4  
  75  7:11  Extractor  
  75  7:14  Zergling x2  
  73  7:21  Zergling x2  
  70  7:29  Zergling x4  
  64  7:38  Zergling x2  
  64  7:39  Zergling x10  
  68  7:44  Hatchery  
  68  7:48  Zergling x4  
  61  7:52  Zergling x4  
  61  7:58  Hatchery  
  60  8:02  Zergling x4  
  62  8:13  Evolution Chamber  
  62  8:15  Zergling x10  
  62  8:16  Zergling x2  
  62  8:18  Mutalisk x2  
  71  8:26  Centrifical Hooks  
  71  8:28  Mutalisk x2  
  71  8:31  Hatchery  
  72  8:41  Baneling x3  
  72  8:42  Baneling x6  
  72  8:46  Zergling x2  
  72  8:47  Zergling x6  
  76  8:54  Zergling x8  
  75  9:02  Zergling x6  
  68  9:08  Zergling x4  
  70  9:14  Baneling  
  70  9:16  Zergling x4  
  72  9:25  Baneling  
  72  9:26  Zergling x2, Baneling x3  
  72  9:27  Zergling x2  
  74  9:34  Overlord  
  74  9:35  Overlord  
Show
View Real Time Build Order
Export as new Build Order

FoxeR Terran - Winner!

Build Orders: Reaper Expand 

Get SALT Encoding   

  12  0:00  SCV  
  13  0:12  SCV  
  14  0:17  Supply Depot  
  14  0:24  SCV  
  15  0:38  SCV  
  15  0:40  Barracks  
  16  0:42  Refinery  
  16  0:50  SCV  
  17  1:02  SCV  
  18  1:14  SCV  
  19  1:28  Orbital Command, Reaper  
  20  1:41  Command Center  
  20  1:52  Barracks  
  20  1:55  SCV  
  21  2:01  Barracks Reactor  
  21  2:07  SCV  
  22  2:14  Supply Depot  
  22  2:19  SCV, Refinery  
  23  2:28  Factory  
  23  2:35  SCV  
  24  2:38  Marine x2, Barracks Tech Lab  
  26  2:47  SCV  
  27  2:55  Marine x2  
  27  2:57  Stimpack  
  29  3:02  SCV  
  30  3:05  Orbital Command  
  30  3:17  Starport  
  31  3:21  Marine x2  
  31  3:22  Marine  
  31  3:23  Factory Reactor  
  33  3:30  SCV  
  33  3:31  SCV  
  35  3:38  Marine  
  35  3:39  Marine  
  37  3:43  Marine, SCV x2  
  40  3:50  Supply Depot  
  40  3:55  SCV x2  
  41  3:56  Marine x2  
  44  4:05  Medivac  
  46  4:11  Marine  
  46  4:12  Supply Depot, SCV, Medivac  
  46  4:14  Marine, SCV  
  51  4:18  Engineering Bay  
  51  4:23  Marine  
  53  4:24  SCV  
  53  4:26  SCV  
  53  4:30  Supply Depot  
  54  4:35  Marine  
  54  4:36  SCV  
  56  4:38  SCV  
  56  4:45  Combat Shield  
  57  4:46  Terran Infantry Weapons Level 1  
  57  4:48  SCV  
  58  4:53  Marine  
  58  4:54  Marine  
  58  4:55  Marine  
  60  5:01  Command Center  
  60  5:02  SCV x2  
  61  5:11  Marine x2  
  61  5:13  Marine  
  61  5:14  SCV  
  65  5:15  Medivac  
  65  5:17  Supply Depot  
  65  5:18  SCV  
  65  5:19  Medivac  
  70  5:34  Marine  
  70  5:35  Marine  
  70  5:38  Marine, Widow Mine  
  66  5:52  Marine x2  
  66  5:54  SCV, Medivac  
  66  5:55  SCV  
  66  5:56  Marine  
  70  5:58  Barracks x3  
  70  6:03  Refinery  
  68  6:04  Refinery  
  68  6:07  SCV x2  
  68  6:08  Factory Reactor  
  68  6:10  Marine x2  
  72  6:13  Marine  
  73  6:18  Supply Depot  
  73  6:19  SCV x2  
  75  6:28  Marine x2  
  75  6:30  Armory, Engineering Bay  
  75  6:31  Marine, SCV x2  
  77  6:41  Terran Infantry Armor Level 1  
  77  6:43  Orbital Command  
  77  6:45  Marine  
  77  6:46  Marine  
  80  6:48  SCV  
  80  6:49  Marine, Barracks Reactor x3  
  80  6:54  SCV  
  80  7:00  SCV  
  75  7:03  Marine  
  75  7:04  Marine  
  75  7:07  Marine  
  76  7:10  Medivac x2, Widow Mine x2  
  76  7:11  SCV x2  
  76  7:12  SCV  
  87  7:18  Supply Depot  
  87  7:19  Supply Depot  
  87  7:21  Marine x2  
  88  7:25  Marine  
  88  7:26  Marine x2, SCV  
  88  7:28  Terran Infantry Weapons Level 2  
  88  7:29  SCV x2  
  91  7:38  SCV  
  91  7:39  Marine  
  91  7:40  Medivac x2  
  91  7:41  Marine x4  
  91  7:42  Marine x2  
  102  7:49  Marine x2  
  105  7:51  SCV x2, Widow Mine x2  
  105  7:52  SCV  
  105  7:53  Supply Depot x2  
  105  7:57  Marine  
  108  7:58  Factory  
  108  7:59  Marine x3  
  108  8:04  SCV  
  108  8:05  Marine x3  
  110  8:06  Marine, SCV  
  110  8:08  SCV  
  110  8:10  Medivac  
  117  8:14  Marine  
  117  8:15  Marine  
  117  8:16  SCV  
  117  8:17  Marine  
  117  8:18  Marine, SCV, Refinery  
  117  8:19  Supply Depot  
  123  8:20  Missile Turret  
  123  8:23  Marine  
  123  8:25  SCV  
  123  8:26  Supply Depot  
  125  8:27  Supply Depot  
  125  8:28  SCV  
  125  8:30  Marine  
  125  8:33  Marine  
  128  8:36  Marine  
  129  8:45  Marine x2  
  129  8:46  Marine x4  
  129  8:47  Factory Tech Lab, Widow Mine x2  
  131  8:49  Marine  
  131  8:55  Marine x2  
  132  9:00  SCV x3  
  133  9:03  Marine x2  
  133  9:04  Marine x2, Medivac  
  133  9:09  Marine, Command Center  
  139  9:12  Marine  
  139  9:13  Marine  
  139  9:14  Marine x2  
  139  9:15  SCV, Widow Mine x3  
  151  9:20  Marine  
  151  9:23  Marine  
  153  9:25  Marine, Refinery  
  153  9:26  SCV x2  
  153  9:30  Barracks, Supply Depot  
  156  9:31  Barracks  
  156  9:32  Supply Depot  
  156  9:33  Barracks  
  156  9:37  Marine  
Tags
 
Add a new tag
Caveats
  • Supply blocks, unpowered buildings, or Contaminate may cause inaccurate times.
  • Supply counts are checked every 10 seconds.